[Event "Team 45 45 League T32"]
[Site "Internet Chess Club"]
[Date "2007.03.04"]
[Round "6"]
[White "fledermaus"]
[Black "Hazy"]
[Result "1-0"]
[WhiteElo "2042"]
[BlackElo "1936"]
[ECO "A52"]
[TimeControl "2700+45"]

1. d4 Nf6 2. c4 e5 3. dxe5 Ng4 4. e4 Nxe5 5. f4 Nec6 6. a3 Bc5 7. b4 Bxg1 8.
Rxg1 Qh4+ 9. g3 Qxh2 10. Rg2 Qh1 11. Nc3 Ne7 12. Raa2 Qh3 13. Qf3 d6 14. Rh2 Qg4
15. Qe3 Qd7 16. Bd3 b6 17. Rae2 Bb7 18. b5 a6 19. Bb2 axb5 20. cxb5 Qd8 21. e5
dxe5 22. Qxe5 f6 23. Bg6+ Kf8 24. Rd2 Nd7 25. Qe6 Nxg6 26. Rxd7 Qe8 27. Re2 Bf3
28. Qxe8+ Rxe8 29. Rxe8+ Kxe8 30. Rxc7 Ne7 31. Kf2 Bh1 32. Na4 Kf7 33. Nxb6 Rb8
34. Nc4 Bd5 35. a4 Rd8 36. Ba3 Bxc4 37. Rxc4 Nf5 38. b6 Rd2+ 39. Ke1 Rd7 40. Rc7
Ke6 41. b7 Rd8 42. Rc8 Kd7 43. Rxd8+ {Black resigns} 1-0

[Event "Team 45 45 League T32"]
[Site "Internet Chess Club"]
[Date "2007.03.01"]
[Round "6"]
[White "GoIrish"]
[Black "HoHo"]
[Result "1-0"]
[WhiteElo "1659"]
[BlackElo "1713"]
[ECO "A16"]
[TimeControl "2700+45"]

1. c4 Nf6 2. Nc3 g6 3. Nf3 Bg7 4. g3 d6 5. Bg2 c6 6. O-O O-O 7. d4 Nbd7 8. Bf4
Qe8 9. e4 e5 10. dxe5 dxe5 11. Be3 Qe7 12. Qc2 b6 13. Rad1 Ba6 14. b3 Rfd8 15.
Rd2 h6 16. Rfd1 Ng4 17. Qd3 Nxe3 18. Qxe3 Nc5 19. Ne1 Ne6 20. Nc2 Nd4 21. Qe1
Bc8 22. Nxd4 exd4 23. Ne2 Qc5 24. Rd3 Ba6 25. Qd2 b5 26. Qa5 Bb7 27. Qd2 Ba6 28.
Qa5 Bb7 29. Qd2 bxc4 30. bxc4 Qxc4 31. Nxd4 Bxd4 32. Rxd4 Rxd4 33. Qxd4 Qxa2 34.
Qd7 Qa6 35. Qe7 Qb6 36. Rd7 Qb1+ 37. Bf1 Ba6 38. Qxf7+ {Black resigns} 1-0

[Event "Team 45 45 League T32"]
[Site "Internet Chess Club"]
[Date "2007.02.25"]
[Round "6"]
[White "chiiwen"]
[Black "Grenadier"]
[Result "1-0"]
[WhiteElo "1872"]
[BlackElo "1750"]
[ECO "B17"]
[TimeControl "2700+45"]

1. e4 c6 2. d4 d5 3. Nc3 dxe4 4. Nxe4 Nd7 5. Nf3 Ngf6 6. Nxf6+ Nxf6 7. Bd3 Bg4
8. c3 e6 9. h3 Bh5 10. g4 Bg6 11. Bg5 Be7 12. Qc2 Qd5 13. Ke2 Rc8 14. c4 Qd7 15.
Bxg6 hxg6 16. Rad1 Qc7 17. Kf1 Nxg4 18. Bxe7 Kxe7 19. Kg2 Nh6 20. Qa4 a6 21. d5
cxd5 22. cxd5 exd5 23. Rxd5 Kf8 24. Rhd1 Kg8 25. Rd7 Qc5 26. Qh4 Re8 27. Rd8 Qf8
28. Rxe8 Qxe8 29. Rd8 Kh7 30. Ng5+ {Black resigns} 1-0

[Event "Team 45 45 League T32"]
[Site "Internet Chess Club"]
[Date "2007.02.26"]
[Round "6"]
[White "camembert"]
[Black "rss"]
[Result "1/2-1/2"]
[WhiteElo "1930"]
[BlackElo "1766"]
[ECO "D37"]
[TimeControl "2700+45"]

1. d4 d5 2. c4 e6 3. Nc3 Nf6 4. Nf3 Be7 5. Bf4 c6 6. e3 O-O 7. Qc2 Nbd7 8. h3
dxc4 9. Bxc4 Nb6 10. Bd3 Nbd5 11. Nxd5 cxd5 12. O-O Bd7 13. Qc7 Qxc7 14. Bxc7
Rfc8 15. Rac1 Bc6 16. Bh2 Nd7 17. Ne5 Nxe5 18. Bxe5 {Game drawn by mutual
agreement} 1/2-1/2

[Event "Team 45 45 League T32"]
[Site "Internet Chess Club"]
[Date "2007.02.25"]
[Round "6"]
[White "Electryon"]
[Black "qs16"]
[Result "0-1"]
[WhiteElo "1735"]
[BlackElo "1886"]
[ECO "A46"]
[TimeControl "2700+45"]

1. d4 Nf6 2. Nf3 e6 3. Bf4 b6 4. e3 Bb7 5. Nbd2 d5 6. Bd3 Nbd7 7. Ne5 Bd6 8. O-O
O-O 9. c3 Ne4 10. f3 Nxd2 11. Qxd2 f6 12. Nxd7 Qxd7 13. e4 Bxf4 14. Qxf4 dxe4
15. Bxe4 Bd5 16. Rfe1 Rae8 17. Qh4 g5 18. Qh3 Re7 19. a3 Qd6 20. Bd3 c5 21. Qg4
cxd4 22. Qxd4 Qc5 23. Qxc5 bxc5 24. Rad1 c4 25. Bb1 Rb7 26. Rd2 Rfb8 27. Ree2 f5
28. Kf2 Rf8 29. Ke1 a5 30. Rd4 Rfb8 31. Rdd2 Rf7 32. Rd4 Kg7 33. f4 g4 34. g3 h5
35. Ba2 Rc7 36. Kd2 Rxb2+ 37. Ke3 Rb6 38. Rdd2 Rcb7 39. Kd4 Kf6 40. Bxc4 Bxc4
41. Kxc4 Rc7+ 42. Kd4 Rd6+ 43. Ke3 Rxc3+ 44. Kf2 Rxd2 45. Rxd2 Rxa3 46. Ke1 Ra1+
47. Ke2 a4 48. Kd3 a3 49. Kc3 Rb1 50. Ra2 Rb2 51. Rxa3 Rxh2 52. Kd4 h4 53. gxh4
Rxh4 54. Rg3 Rh3 55. Rg2 Rf3 56. Rh2 Rxf4+ 57. Ke3 Re4+ 58. Kf2 Ra4 59. Rh6+ Ke5
60. Rg6 Kd5 61. Kg3 Ra3+ 62. Kg2 e5 63. Rb6 e4 64. Rb5+ Ke6 65. Rb6+ Ke5 66.
Rb5+ Kf4 67. Rb4 Ra2+ 68. Kg1 Kf3 69. Rb3+ e3 70. Rc3 Ra1+ 71. Kh2 g3+ {White
resigns} 0-1

[Event "Team 45 45 League T32"]
[Site "Internet Chess Club"]
[Date "2007.02.25"]
[Round "6"]
[White "Rainbird"]
[Black "rubo"]
[Result "1-0"]
[WhiteElo "1807"]
[BlackElo "1810"]
[ECO "A05"]
[TimeControl "2700+45"]

1. Nf3 Nf6 2. c4 g6 3. b4 Bg7 4. Bb2 O-O 5. g3 c5 6. bxc5 Qa5 7. Bg2 Qxc5 8. O-O
d6 9. Qb3 Nbd7 10. Nc3 Nb6 11. d3 Bd7 12. Rac1 Bc6 13. Nb5 Qh5 14. e4 Nbd7 15.
Nc7 Rac8 16. Nd5 Bxd5 17. exd5 b6 18. Rfe1 Rc7 19. Qd1 Nc5 20. d4 Nb7 21. Qd2
Bh6 22. Qc3 Bxc1 23. Bxc1 Nxd5 24. Qa3 Rxc4 25. Qxa7 Na5 26. h3 Rfc8 27. g4 R4c7
28. Qxc7 Rxc7 29. gxh5 Rc2 30. hxg6 hxg6 31. Ng5 Nc3 32. Bf3 e6 33. Ba3 d5 34.
Bb4 Nc4 35. a3 b5 36. Bg2 Rc1 37. Rxc1 Ne2+ 38. Kh2 Nxc1 39. Nf3 Nd3 40. Kg3 Kg7
41. Bf1 Nxb4 42. axb4 f6 43. Ne1 Kf7 44. Nc2 Nd6 45. Kf3 e5 46. dxe5 fxe5 47.
Na3 Ke6 48. Nxb5 Nf5 49. Bd3 e4+ 50. Bxe4 dxe4+ 51. Kxe4 Kd7 52. Nd4 Nd6+ 53.
Kf4 Nf7 54. b5 Kc7 55. Ke4 Ng5+ 56. Ke5 Nxh3 57. f3 Kb6 58. Kf6 g5 59. Kf5 Ng1
60. Kg4 Kc5 61. Kg3 Kxd4 62. b6 Ne2+ 63. Kg4 Ke3 64. b7 Nd4 65. b8=Q Ke2 66.
Qe5+ Kd3 67. Qxd4+ Kxd4 68. Kxg5 Ke5 69. f4+ Ke6 70. Kg6 Ke7 71. f5 Kf8 72. Kf6
Kg8 73. Ke7 Kg7 74. f6+ Kg8 75. f7+ Kh8 76. f8=Q+ Kh7 77. Qf6 Kg8 78. Qg5+ Kh8
79. Kf8 {Black resigns} 1-0

[Event "Team 45 45 League T32"]
[Site "Internet Chess Club"]
[Date "2007.03.01"]
[Round "6"]
[White "Changuito-77"]
[Black "six-killer"]
[Result "1-0"]
[WhiteElo "1728"]
[BlackElo "1710"]
[ECO "A46"]
[TimeControl "2700+45"]

1. d4 Nf6 2. Nf3 e6 3. e3 c5 4. Bd3 b6 5. O-O Bb7 6. Nbd2 Be7 7. b3 O-O 8. Bb2
d6 9. Qe2 cxd4 10. exd4 Nbd7 11. Rad1 Re8 12. Rfe1 Bf8 13. c4 g6 14. Nf1 Bg7 15.
Ne3 Qc7 16. Qc2 Bxf3 17. gxf3 Rac8 18. Kh1 Qb7 19. Qe2 d5 20. cxd5 exd5 21. Ba6
Qb8 22. Bxc8 Qxc8 23. Ba3 Qb8 24. Bc1 Nh5 25. Qb5 Qf4 26. Qxd7 Qxf3+ 27. Ng2
Rxe1+ 28. Rxe1 Nf4 29. Qe8+ Bf8 30. Bxf4 {Black resigns} 1-0

[Event "Team 45 45 League T32"]
[Site "Internet Chess Club"]
[Date "2007.02.25"]
[Round "6"]
[White "burnsja2003"]
[Black "RedAttack"]
[Result "0-1"]
[WhiteElo "1754"]
[BlackElo "1822"]
[ECO "E00"]
[TimeControl "2700+45"]

1. d4 Nf6 2. c4 e6 3. Bg5 b6 4. Nf3 Be7 5. e3 Bb7 6. Be2 O-O 7. O-O d6 8. Nc3
Nbd7 9. Qc2 d5 10. h3 c5 11. cxd5 Nxd5 12. Bxe7 Qxe7 13. Rfd1 N7f6 14. Ne5 Nb4
15. Qd2 Rad8 16. a3 Nc6 17. Nf3 cxd4 18. exd4 Rd7 19. Qf4 Rfd8 20. Bb5 Rd6 21.
Bxc6 Bxc6 22. Rd2 Bxf3 23. gxf3 e5 24. Qe3 Rxd4 25. Rad1 Rxd2 26. Rxd2 Rxd2 27.
Qxd2 h6 28. Ne4 Nxe4 29. fxe4 Qg5+ 30. Qxg5 hxg5 31. Kf1 f6 32. Ke2 Kf7 33. Kf3
Ke6 34. Ke3 g6 35. f3 f5 36. Kd3 g4 37. hxg4 fxg4 38. fxg4 Kf6 39. Ke3 Kg5 40.
Kf3 Kh4 41. a4 a6 42. b4 b5 43. axb5 axb5 {White resigns} 0-1

[Event "Team 45 45 League T32"]
[Site "Internet Chess Club"]
[Date "2007.02.22"]
[Round "6"]
[White "HKNIGHT"]
[Black "RingLord"]
[Result "1-0"]
[WhiteElo "1623"]
[BlackElo "1691"]
[ECO "A45"]
[TimeControl "2700+45"]

1. d4 Nf6 2. e3 e6 3. Bd3 d5 4. f4 Nc6 5. c3 g6 6. Nf3 Bg7 7. O-O O-O 8. Nbd2 b6
9. Ne5 Ne7 10. Qe2 c5 11. Bc2 a5 12. a4 Ba6 13. Bd3 Bxd3 14. Qxd3 c4 15. Qe2 Nd7
16. Nxd7 Qxd7 17. e4 Rfc8 18. exd5 exd5 19. Nf3 f6 20. Re1 Re8 21. Qe6+ Qxe6 22.
Rxe6 Nf5 23. Rxb6 Re2 24. Bd2 Nh4 25. Nxh4 Rxd2 26. Re1 f5 27. Nf3 Rc2 28. Ne5
Re8 29. Rb5 Bf8 30. Rxd5 Rxb2 31. Rxa5 Rb3 32. Rc1 Ba3 33. Rc2 Bb2 34. Rb5 Rxc3
35. Rbxb2 {Black resigns} 1-0

[Event "Team 45 45 League T32"]
[Site "Internet Chess Club"]
[Date "2007.02.22"]
[Round "6"]
[White "akdog3"]
[Black "Sir-Knightly"]
[Result "1-0"]
[WhiteElo "2278"]
[BlackElo "2400"]
[ECO "C14"]
[TimeControl "2700+45"]

1. e4 e6 2. d4 d5 3. Nc3 Nf6 4. Bg5 Be7 5. e5 Nfd7 6. Bxe7 Qxe7 7. f4 Nb6 8. Nf3
Nc6 9. Bd3 Bd7 10. O-O a6 11. a3 f6 12. b4 f5 13. b5 axb5 14. Nxb5 Qd8 15. g4
Ne7 16. Rb1 O-O 17. Qe2 fxg4 18. Bxh7+ Kxh7 19. Ng5+ Kg8 20. Qxg4 Rf5 21. Qh5
Rxg5+ 22. fxg5 Be8 23. Qg4 Nf5 24. Rb3 Bxb5 25. Rxb5 Rxa3 26. Qh5 Nc4 27. Rxf5
exf5 28. g6 {Black resigns} 1-0

[Event "Team 45 45 League T32"]
[Site "Internet Chess Club"]
[Date "2007.02.23"]
[Round "6"]
[White "Allessia"]
[Black "postalex"]
[Result "1-0"]
[WhiteElo "2262"]
[BlackElo "2200"]
[ECO "B00"]
[TimeControl "2700+45"]

1. e4 Nc6 2. Nf3 d6 3. d4 Nf6 4. d5 Ne5 5. Nxe5 dxe5 6. Bd3 e6 7. c4 Bc5 8. O-O
exd5 9. cxd5 O-O 10. Nc3 h6 11. Qf3 Qe7 12. Be3 Bxe3 13. Qxe3 Bd7 14. Rac1 c6
15. Rfd1 Nh5 16. Bc4 Nf4 17. g3 Nh3+ 18. Kg2 Ng5 19. f4 Nh7 20. dxc6 Bxc6 21.
Nd5 Bxd5 22. exd5 e4 23. d6 Qf6 24. Qxe4 Qxb2+ 25. Qe2 Qxe2+ 26. Bxe2 Rac8 27.
Rc7 Nf6 28. Kf3 Rfd8 29. Bc4 Kh7 30. Rxc8 Rxc8 31. Bxf7 g5 32. Be6 Rd8 33. Bf5+
Kg7 34. fxg5 hxg5 35. h4 gxh4 36. gxh4 Ne8 37. d7 Nf6 38. Kf4 Kf7 39. Ke5 Ke7
40. Rd6 Nh5 41. Re6+ Kxd7 42. Rh6+ Kc7 43. Rxh5 b5 44. Rh7+ Kb6 45. h5 b4 46. h6
a5 47. Rg7 a4 48. h7 {Black resigns} 1-0

[Event "Team 45 45 League T32"]
[Site "Internet Chess Club"]
[Date "2007.02.25"]
[Round "6"]
[White "KingDestroyer"]
[Black "Ozgur-Bjk"]
[Result "1-0"]
[WhiteElo "2187"]
[BlackElo "2113"]
[ECO "B90"]
[TimeControl "2700+45"]

1. e4 c5 2. Nf3 d6 3. d4 cxd4 4. Nxd4 Nf6 5. Nc3 a6 6. Be3 e6 7. f3 Be7 8. Qd2
Nc6 9. O-O-O O-O 10. g4 Nxd4 11. Bxd4 b5 12. Kb1 Bb7 13. g5 Nd7 14. h4 Rc8 15.
Ne2 d5 16. e5 Qc7 17. f4 Nc5 18. Ng3 b4 19. Bxc5 Bxc5 20. Bd3 a5 21. Qe2 Rfd8
22. f5 exf5 23. Nxf5 Re8 24. Rde1 Bf8 25. h5 d4 26. Rh4 b3 27. axb3 Bb4 28. Rf1
Qxe5 29. Qg4 a4 30. g6 axb3 31. gxf7+ {Black resigns} 1-0

[Event "Team 45 45 League T32"]
[Site "Internet Chess Club"]
[Date "2007.02.24"]
[Round "6"]
[White "GabGag"]
[Black "syy89"]
[Result "0-1"]
[WhiteElo "2059"]
[BlackElo "2129"]
[ECO "E81"]
[TimeControl "2700+45"]

1. d4 Nf6 2. c4 g6 3. Nc3 Bg7 4. e4 d6 5. f3 O-O 6. Be3 c5 7. dxc5 dxc5 8. Bxc5
Nc6 9. Qxd8 Rxd8 10. Nd5 Nd7 11. Nxe7+ Nxe7 12. Bxe7 Bxb2 13. Bxd8 Bxa1 14. Ne2
Ne5 15. Nf4 Bd7 16. Be7 Bc3+ 17. Kf2 Bd4+ 18. Kg3 Nc6 19. Bd6 Re8 20. Be2 f5 21.
Bd3 g5 22. Nd5 f4+ 23. Nxf4 gxf4+ 24. Bxf4 Nb4 25. Bb1 Be6 26. Rd1 Nc6 27. Bd3
Bc5 28. e5 Rd8 29. Bc2 Rxd1 30. Bxd1 Bxc4 31. a4 Bd4 32. Bc2 Bxe5 33. Bxe5 Nxe5
34. Kf4 Nc6 35. g4 Nd4 36. Bd1 Bb3 37. Bxb3+ Nxb3 38. Ke5 Nc5 39. a5 Nb3 40. a6
bxa6 41. Kd5 a5 42. f4 Nd2 43. Kc5 a6 44. h4 Nf3 45. h5 Nh2 46. g5 Nf1 47. Kc4
Ng3 48. h6 Kf7 49. Kb3 Kg6 50. Ka4 Kf5 51. Kxa5 Ne2 52. Kxa6 Nxf4 {White
resigns} 0-1

[Event "Team 45 45 League T32"]
[Site "Internet Chess Club"]
[Date "2007.02.21"]
[Round "6"]
[White "NFork"]
[Black "JustinSane"]
[Result "1-0"]
[WhiteElo "2257"]
[BlackElo "2066"]
[ECO "A21"]
[TimeControl "2700+45"]

1. c4 e5 2. Nc3 Bb4 3. Qc2 Nf6 4. a3 Bxc3 5. Qxc3 Nc6 6. Nf3 e4 7. Nd4 d5 8.
cxd5 Qxd5 9. Nxc6 bxc6 10. e3 O-O 11. b4 a5 12. Bb2 Ba6 13. Rc1 Bxf1 14. Rxf1
axb4 15. axb4 Ra2 16. f4 h5 17. h3 h4 18. g4 hxg3 19. Rg1 Nh5 20. Rxg3 Rxb2 21.
Rg5 Qa2 22. Rxh5 Rd8 23. Rg5 g6 24. Rg2 Rd3 25. Qc4 Rxe3+ 26. dxe3 Qxc4 27.
Rxg6+ fxg6 28. Rxc4 Rh2 29. Rxc6 Rxh3 30. Kd2 Kf7 31. Rxc7+ Ke6 32. Rc5 Rh8 33.
Re5+ Kd6 34. Rxe4 {Black resigns} 1-0

[Event "Team 45 45 League T32"]
[Site "Internet Chess Club"]
[Date "2007.02.25"]
[Round "6"]
[White "The7thGuest"]
[Black "bahus"]
[Result "1-0"]
[WhiteElo "2181"]
[BlackElo "1962"]
[ECO "C77"]
[TimeControl "2700+45"]

1. e4 e5 2. Nf3 Nc6 3. Bb5 a6 4. Ba4 Nf6 5. d4 exd4 6. O-O b5 7. Bb3 Bc5 8. e5
Ng4 9. Bxf7+ Kxf7 10. Ng5+ Kg8 11. Qxg4 d5 12. Qf4 Qe7 13. Nf3 Be6 14. Qg3 Rf8
15. Bg5 Qf7 16. Nbd2 h6 17. Nb3 Bb6 18. Bd2 Kh7 19. Kh1 Qh5 20. Rae1 Bg4 21. Ng1
Ne7 22. Nxd4 Rf7 23. f3 Nf5 24. Qxg4 Qxg4 25. fxg4 Nxd4 26. Rxf7 Re8 27. Nf3 Kg6
28. Rd7 Nxc2 29. Rc1 Nd4 30. Nxd4 Bxd4 31. Rc6+ Kh7 32. Rxd5 Bxe5 33. g3 Bxb2
34. Bc3 {Black resigns} 1-0

[Event "Team 45 45 League T32"]
[Site "Internet Chess Club"]
[Date "2007.02.24"]
[Round "6"]
[White "aksuw"]
[Black "livis"]
[Result "1-0"]
[WhiteElo "2030"]
[BlackElo "2124"]
[ECO "C01"]
[TimeControl "2700+45"]

1. e4 e6 2. d4 d5 3. Bd3 Nc6 4. Ne2 dxe4 5. Bxe4 Bd7 6. O-O Nf6 7. Bf3 Be7 8.
Nbc3 O-O 9. Bf4 Bd6 10. d5 Nxd5 11. Nxd5 exd5 12. Bxd6 cxd6 13. Bxd5 Be6 14. Nf4
Bxd5 15. Nxd5 Qg5 16. f4 Qh4 17. Rf3 Qg4 18. Qd3 Kh8 19. Rh3 f5 20. Nc7 Rac8 21.
Ne6 Rg8 22. Ng5 h6 23. Qxd6 Qxh3 24. Nf7+ Kh7 25. gxh3 Rcf8 26. Ne5 Rf6 27. Qd3
Rd8 28. Qe3 Nd4 29. Qf2 Nb5 30. Kh1 Nd6 31. Qxa7 Ne4 32. Nd3 Rc6 33. Qxb7 Rxc2
34. Rg1 Rg8 35. Qd5 g6 36. Rg2 Rc7 37. h4 h5 38. h3 Rgg7 39. Ne5 Rc1+ 40. Kh2 g5
41. hxg5 h4 42. g6+ Kh6 43. Nf7+ Kh5 44. Qxf5+ {Black resigns} 1-0

[Event "Team 45 45 League T32"]
[Site "Internet Chess Club"]
[Date "2007.02.25"]
[Round "6"]
[White "ZombieRagozin"]
[Black "izit"]
[Result "0-1"]
[WhiteElo "2161"]
[BlackElo "2165"]
[ECO "B92"]
[TimeControl "2700+45"]

1. e4 c5 2. Nf3 d6 3. d4 cxd4 4. Nxd4 Nf6 5. Nc3 a6 6. Be2 e5 7. Nb3 Be7 8. Be3
Be6 9. Nd5 Nbd7 10. Qd3 Bxd5 11. exd5 O-O 12. c4 Nc5 13. Nxc5 dxc5 14. O-O Qc7
15. Rfc1 Bd6 16. g3 Nd7 17. Bg4 Rae8 18. Bxd7 Qxd7 19. b4 e4 20. Qd2 cxb4 21. c5
Be5 22. Rab1 Bc3 23. Qd1 Re5 24. d6 Qe6 25. Rxc3 bxc3 26. Qc2 Rd5 27. Qxc3 Qg4
28. Qb3 Rd3 29. Qxb7 h5 30. h3 Qg6 31. Re1 h4 32. Kg2 hxg3 33. fxg3 Qf5 34. Kh2
Rxe3 {White resigns} 0-1

[Event "Team 45 45 League T32"]
[Site "Internet Chess Club"]
[Date "2007.02.24"]
[Round "6"]
[White "onslaught"]
[Black "vaibhav"]
[Result "1/2-1/2"]
[WhiteElo "2190"]
[BlackElo "2271"]
[ECO "D31"]
[TimeControl "2700+45"]

1. d4 d5 2. c4 e6 3. Nc3 c6 4. e4 Bb4 5. cxd5 exd5 6. e5 c5 7. a3 Bxc3+ 8. bxc3
Nc6 9. Nf3 Bg4 10. Be2 Nge7 11. O-O O-O 12. Rb1 b6 13. h3 Bh5 14. Re1 Rc8 15.
dxc5 bxc5 16. Rb5 a6 17. Rxc5 Bxf3 18. Bxf3 Nxe5 19. Rxc8 Nxf3+ 20. Qxf3 Nxc8
21. Be3 Qd6 22. Bd4 Ne7 23. Qg4 g6 24. Qe2 Nf5 25. Be5 Qc6 26. g4 Nd6 27. Qf3
Ne4 28. h4 f5 29. g5 Re8 30. Bd4 Qd6 31. a4 Re6 32. Re2 Qb8 33. Kg2 Kf7 34. h5
Qd8 35. hxg6+ hxg6 36. Be3 Nxc3 37. Rb2 Ne4 38. Qh3 Qg8 39. Qh6 Re8 40. Bd4 Re7
41. Rb6 Re6 42. Rb8 Re8 43. Rb1 Re7 44. Rb2 Re8 45. Qh2 Re7 46. f3 Nxg5 47. Qh4
Nh7 48. Rb6 a5 49. Qh6 Re2+ 50. Kf1 Re6 51. Rb5 Nf6 52. Rxa5 Nh5 53. Rxd5 Nf6
54. Ra5 Nh5 55. Ra7+ Re7 56. Ra6 Re6 57. Rxe6 Kxe6 58. Qe3+ Kd7 59. Qd3 Qd5 60.
Kf2 Nf4 61. Qb5+ Qxb5 62. axb5 Nd5 63. Ke2 Nc7 64. b6 Nd5 65. Kd3 Kc6 66. Kc4
Nf4 67. Be3 Ng2 68. Bf2 Nf4 69. Kd4 Nh3 {Game drawn by mutual agreement} 1/2-1/2

[Event "Team 45 45 League T32"]
[Site "Internet Chess Club"]
[Date "2007.02.26"]
[Round "6"]
[White "Milo"]
[Black "HomerSimpson"]
[Result "1-0"]
[WhiteElo "2481"]
[BlackElo "2234"]
[ECO "B00"]
[TimeControl "2700+45"]

1. e4 b6 2. d4 Bb7 3. Bd3 Nf6 4. Qe2 Nc6 5. c3 e5 6. Nf3 exd4 7. Nxd4 Be7 8. f4
O-O 9. Nf5 Re8 10. e5 Bf8 11. Ne3 Nxe5 12. fxe5 Rxe5 13. Nd2 Nd5 14. Ndc4 Nf4
15. Qf1 Nxg2+ 16. Kd1 Nxe3+ 17. Bxe3 Re6 18. Rg1 d5 19. Qh3 g6 20. Nd2 c5 21.
Bf5 Re8 22. Bg5 Qc7 23. Bd7 Bc8 24. Bxc8 Raxc8 25. Kc2 Bg7 26. Raf1 b5 27. Bf6
d4 28. Bxg7 Kxg7 29. Qf3 Re3 30. Qf6+ Kg8 31. h4 dxc3 32. bxc3 b4 33. c4 Rd8 34.
Rf2 Rd6 35. Qf4 Qe7 36. h5 Rd4 37. Qb8+ Rd8 38. Qf4 Rd4 39. Qh6 Qe5 40. hxg6
fxg6 41. Rf8# {Black checkmated} 1-0

[Event "Team 45 45 League T32"]
[Site "Internet Chess Club"]
[Date "2007.02.26"]
[Round "6"]
[White "DTK"]
[Black "jpitt"]
[Result "1/2-1/2"]
[WhiteElo "2202"]
[BlackElo "2326"]
[ECO "B31"]
[TimeControl "2700+45"]

1. e4 c5 2. Nf3 Nc6 3. Bb5 g6 4. c3 Bg7 5. d4 Qa5 6. Bxc6 dxc6 7. O-O cxd4 8.
cxd4 Bg4 9. Be3 Nf6 10. Nbd2 O-O 11. Qc2 Nd7 12. h3 Bxf3 13. Nxf3 e5 14. Rfd1
exd4 15. Bxd4 Rad8 16. b4 Qh5 17. Qc3 Bxd4 18. Rxd4 Ne5 19. Rxd8 Nxf3+ 20. Qxf3
Rxd8 21. Qxh5 gxh5 {Game drawn by mutual agreement} 1/2-1/2

[Event "Team 45 45 League T32"]
[Site "Internet Chess Club"]
[Date "2007.02.25"]
[Round "6"]
[White "Zebbile"]
[Black "shyguy"]
[Result "0-1"]
[WhiteElo "2081"]
[BlackElo "2341"]
[ECO "D82"]
[TimeControl "2700+45"]

1. d4 Nf6 2. c4 g6 3. Nc3 d5 4. Bf4 Bg7 5. e3 c5 6. dxc5 Qa5 7. cxd5 Nxd5 8.
Qxd5 Bxc3+ 9. bxc3 Qxc3+ 10. Ke2 Qxa1 11. Be5 Qb1 12. Bxh8 Be6 13. Qd3 Qxa2+ 14.
Kf3 f6 15. Bg7 Nd7 16. Qd4 Ne5+ 17. Kg3 Kf7 18. Bh6 Ng4 19. e4 Rd8 20. Bc4 Qa3+
21. Qe3 Nxe3 22. Bxe6+ Kxe6 23. Bxe3 Rd1 24. h3 Qd3 25. Kh2 Qxe4 26. Nf3 Rxh1+
27. Kxh1 Qb1+ 28. Kh2 a5 29. Nd4+ Kd7 30. Ne2 a4 31. Nc3 Qb3 32. Nxa4 Qxa4 33.
Kg3 g5 34. Kf3 f5 35. g3 Qd1+ 36. Kg2 h6 37. h4 f4 38. gxf4 Qg4+ {White resigns}
0-1

[Event "Team 45 45 League T32"]
[Site "Internet Chess Club"]
[Date "2007.02.25"]
[Round "6"]
[White "Icebreaker"]
[Black "mint-tea"]
[Result "0-1"]
[WhiteElo "1931"]
[BlackElo "1813"]
[ECO "C33"]
[TimeControl "2700+45"]

1. e4 e5 2. f4 exf4 3. Bc4 Nc6 4. Nf3 g5 5. h4 g4 6. Ng5 Ne5 7. Bb3 h6 8. d4
hxg5 9. dxe5 d6 10. Nc3 Rh7 11. Qe2 c6 12. exd6 Qxd6 13. Bd2 Be6 14. e5 Qd7 15.
O-O-O Bxb3 16. axb3 Qf5 17. Ne4 Be7 18. Nf6+ Nxf6 19. exf6 Qxf6 20. Bc3 Qe6 21.
Qd3 Qe3+ 22. Qxe3 fxe3 23. Rhe1 Rd8 24. Rxe3 Rxd1+ 25. Kxd1 Kd7 26. Rd3+ Ke6 27.
Re3+ Kd7 28. Rd3+ Kc8 29. Re3 f5 30. hxg5 Bxg5 31. Re8+ Kd7 32. Rg8 Be7 33. Ke2
Bd6 34. Bf6 Ke6 35. Bg5 Be5 36. Re8+ Kd5 37. c3 f4 38. Rd8+ Ke4 39. Re8 f3+ 40.
gxf3+ gxf3+ 41. Kf2 Rh2+ 42. Kf1 Kf5 43. Be3 Rxb2 44. Bxa7 Bg3 45. Rf8+ Ke4 46.
Re8+ Kd5 47. Rd8+ Ke6 48. Rd1 Rxb3 {White resigns} 0-1

[Event "Team 45 45 League T32"]
[Site "Internet Chess Club"]
[Date "2007.03.03"]
[Round "6"]
[White "iwulu"]
[Black "f5"]
[Result "0-1"]
[WhiteElo "2189"]
[BlackElo "2297"]
[ECO "D02"]
[TimeControl "2700+45"]

1. d4 d5 2. Nf3 Nf6 3. Bf4 c6 4. e3 e6 5. h3 Nbd7 6. Bd3 c5 7. c3 Qb6 8. Qc1 Ne4
9. Nbd2 f5 10. O-O Be7 11. Ne5 Bf6 12. Ndf3 O-O 13. Nxd7 Bxd7 14. Ne5 Rfd8 15.
f3 Nd6 16. Qd2 Bb5 17. b3 Bxd3 18. Nxd3 c4 19. Bxd6 Qxd6 20. Nc5 Qc6 21. bxc4
dxc4 22. Qc2 Be7 23. Na4 Rd5 24. Nb2 Rb5 25. Rfb1 Ba3 26. Nd1 Rxb1 27. Rxb1 b5
28. e4 fxe4 29. fxe4 Rf8 30. Ne3 Rf4 31. e5 a6 32. Rf1 Qe4 33. Rxf4 Qxf4 34. Qf2
Qxf2+ 35. Kxf2 Bb2 36. Nd1 Bc1 37. Kf3 Kf7 38. Ke4 Bd2 39. d5 exd5+ 40. Kxd5 Ke7
41. Kd4 Ke6 42. Nf2 Bf4 43. Ne4 Bxe5+ 44. Kc5 Kf5 45. Kd5 Bf6 46. g3 h5 47. Nxf6
gxf6 48. a3 Kg5 49. Kd4 f5 50. Ke3 h4 51. Kf3 hxg3 52. Kxg3 a5 {White resigns}
0-1

[Event "Team 45 45 League T32"]
[Site "Internet Chess Club"]
[Date "2007.02.24"]
[Round "6"]
[White "trevor21"]
[Black "SkinnyPuppy"]
[Result "1-0"]
[WhiteElo "2182"]
[BlackElo "2171"]
[ECO "D31"]
[TimeControl "2700+45"]

1. d4 d5 2. c4 e6 3. Nc3 c6 4. cxd5 exd5 5. f3 Bd6 6. Be3 Qc7 7. g3 h5 8. Bg2
Ne7 9. Qd2 h4 10. f4 h3 11. Bf3 f5 12. Bf2 Nd7 13. e3 Nf6 14. Be2 Ne4 15. Qc2 b5
16. Nf3 Qa5 17. O-O Bb7 18. Be1 Qb6 19. Ne5 g5 20. Nxe4 dxe4 21. Qb3 Nd5 22.
fxg5 Bxe5 23. dxe5 Qxe3+ 24. Qxe3 Nxe3 25. Rf4 Bc8 26. Rc1 Nd5 27. Rf2 Bd7 28.
e6 Bxe6 29. Rxc6 Ke7 30. Bxb5 Rhc8 31. Rfc2 Rxc6 32. Rxc6 Rb8 33. a4 Bd7 34. Rc5
Bxb5 35. axb5 Kd6 36. Rc6+ Ke5 37. g6 Rxb5 38. g7 Rb8 39. Ra6 e3 40. Rg6 Rg8 41.
Kf1 Ke4 42. Ke2 f4 43. Rg4 Kf5 44. Kf3 fxg3 45. Bxg3 Ke6 46. Re4+ Kf7 47. Ra4
Kxg7 48. Rxa7+ Kg6 49. Ra6+ Kf5 50. Rd6 Nf6 51. Kxe3 Re8+ 52. Kf3 Rc8 53. Rb6
Rc5 54. Bh4 Ng4 55. Kg3 Rd5 56. Kxh3 Rd2 57. Bg3 Ne3 58. b4 Nd5 59. Rb8 Rb2 60.
b5 Ke4 61. Kg4 Kd4 62. h4 Rb4 63. Kg5 Nc3 64. Kg6 Nxb5 65. h5 Kd5 66. Bf2 Rb2
67. Bh4 Rg2+ 68. Bg5 Nc7 69. h6 Ne6 70. Rb5+ Ke4 71. h7 Nf8+ 72. Kg7 Nxh7 73.
Kxh7 Ra2 74. Kg6 Ra6+ 75. Bf6 Ra4 76. Kg5 Rc4 77. Kg4 Ra4 78. Re5+ Kd3+ 79. Kf3
Ra6 80. Rd5+ Kc4 81. Rd4+ Kc5 82. Be5 Rh6 83. Rd1 Rh3+ 84. Ke4 Rh4+ 85. Bf4 Rh8
86. Rc1+ Kb5 87. Kd5 Rh5+ 88. Be5 Rh4 89. Rg1 Rc4 90. Bd6 Rc8 91. Rb1+ Ka6 92.
Bc5 Rd8+ 93. Kc4 Rd7 94. Rb6+ Ka5 95. Rc6 Rh7 96. Bb4+ {Black resigns} 1-0

[Event "Team 45 45 League T32"]
[Site "Internet Chess Club"]
[Date "2007.02.22"]
[Round "6"]
[White "gracey"]
[Black "Kolibri"]
[Result "1-0"]
[WhiteElo "2109"]
[BlackElo "2018"]
[ECO "B50"]
[TimeControl "2700+45"]

1. e4 c5 2. Nf3 d6 3. c3 Nf6 4. h3 Nc6 5. Bd3 Ne5 6. Nxe5 dxe5 7. Bc4 e6 8. d3
Be7 9. Bg5 h6 10. Bh4 Bd7 11. Qb3 Qc7 12. O-O Bc6 13. Re1 Nh5 14. Bxe7 Qxe7 15.
g3 a6 16. Qb6 Nf6 17. Nd2 Nd7 18. Qc7 O-O 19. Nf3 Rfc8 20. Qa5 b6 21. Qa3 b5 22.
Bb3 a5 23. Bd1 b4 24. Qb3 a4 25. Qc2 Qd6 26. Be2 Nb6 27. Rad1 b3 28. Qb1 Rcb8
29. Nd2 Qc7 30. axb3 axb3 31. Qc1 Ra2 32. Bg4 Bb5 33. Nf3 Na4 34. Rd2 Rd8 35.
Qd1 c4 36. dxc4 Rxd2 37. Nxd2 Bxc4 38. Nxc4 Qxc4 39. Qd8+ Kh7 40. Qe7 Nc5 41.
Bh5 Ra8 42. Bxf7 Nd3 43. Bxe6 Qb5 44. Rd1 Re8 45. Qf7 Nc5 46. Bf5+ Kh8 47. Rd6
{Black resigns} 1-0